 Dungeon Crawl Stone Soup version 0.27-a0-1202-ge72e49191c (webtiles) character file.

Game seed: 9503202686846687135

870 lunkers the Magician (level 8, 0/58 HPs)
             Began as a Djinni Earth Elementalist on June 2, 2021.
             Shot with an arrow by a centaur (4 damage)
             ... on level 5 of the Dungeon.
             The game lasted 00:07:27 (5651 turns).

lunkers the Magician (Djinni Earth Elementalist)    Turns: 5651, Time: 00:07:28

Health: 0/58       AC:  6    Str:  7    XL:     8   Next: 24%
Gold:   205        EV: 12    Int: 19    God:
                   SH:  0    Dex: 14

rFire    + + .     SeeInvis .   o - +2 quarterstaff (chaos)
rCold    x . .     Faith    .   (shield currently unavailable)
rNeg     . . .     Spirit   .   c - +0 robe
rPois    ∞         Reflect  .   (no helmet)
rElec    .         Harm     .   p - +1 cloak
rCorr    .         Rampage  .   j - +1 pair of gloves
Will     .....                  (boots unavailable)
Stlth    ++........             (no amulet)
HPRegen  0.19/turn              (no ring)
MPRegen  0.00/turn              (no ring)

@: flying
A: sickness immunity, fire resistance 2, cold vulnerability 1, float, innate
caster, hp casting, extra vitality 1
a: no special abilities


You were on level 5 of the Dungeon.
You visited 1 branch of the dungeon, and saw 5 of its levels.

You collected 205 gold pieces.

Inventory:

Hand Weapons
 o - a +2 quarterstaff of chaos (weapon)
 r - a +3 vorpal dire flail
Missiles
 k - 100 stones
Armour
 c - a +0 robe (worn)
 j - a +1 pair of gloves (worn)
 p - a +1 cloak (worn)
Wands
 b - a wand of polymorph (5)
 i - a wand of mindburst (15)
Scrolls
 a - 5 scrolls of teleportation {unknown}
 f - 2 scrolls of identify {unknown}
 g - a scroll of fear {unknown}
 h - a scroll of blinking {unknown}
 l - a scroll of holy word {unknown}
 m - a scroll of noise {unknown}
 q - a scroll of summoning {unknown}
 s - a scroll of amnesia {unknown}
 t - a scroll of silence {unknown}
Potions
 d - 5 potions of curing {unknown}
 e - a potion of invisibility {unknown}
 n - 2 potions of lignification {unknown}
 u - a potion of haste {unknown}


   Skills:
 + Level 4.8 Fighting
 - Level 2.1 Dodging
 - Level 1.5 Stealth
 * Level 6.0 Spellcasting


You couldn't memorise any spells.
You knew the following spells:

 Your Spells              Type           Power      Damage    Failure   Level
a - Stone Arrow           Conj/Erth      56%        3d10      2%          3
b - Passwall              Tmut/Erth      23%        N/A       1%          2
c - Sandblast             Erth           56%        2d13      1%          1
d - Petrify               Tmut/Erth      28%        N/A       10%         4
e - Lee's Rapid Deconstr  Erth           14%        3d10*     26%         5
f - Beastly Appendage     Tmut           56%        N/A       1%          1
g - Ensorcelled Hibernat  Hex/Ice        56%        N/A       1%          2
h - Summon Guardian Gole  Hex/Summ       28%        N/A       2%          3
Your spell library was empty.

Dungeon Overview and Level Annotations

Branches:
Dungeon (5/15)
 Temple: D:4-7

Altars:
Dithmenos
Hepliaklqana
Ru
Trog
Vehumet


Innate Abilities, Weirdness & Mutations

You are immune to sickness and miasma.
You are immune to poison.
Your flesh is very heat resistant. (rF++)
You are vulnerable to cold. (rC-)
You float through the air rather than walking.
You learn spells naturally, not from books.
Your magical power is your life essence.
You have superior vitality. (+4 HP)


Message History

You destroy the centaur skeleton!
A gnoll comes into view. It is wielding a +0 halberd.
Your Spellcasting skill increases to level 6!
There are monsters nearby!
Casting: Stone Arrow (dangerous; 2% risk of failure)
Confirm with . or Enter, or press ? or * to list all spells.
The stone arrow hits the gnoll!
You kill the gnoll!
The gnoll shouts!
You hear a shout!
A gnoll is nearby!
A gnoll comes into view. It is wielding a +0 flail.
A centaur comes into view. It is wielding a +0 quarterstaff.
The gnoll moves out of view.
Casting: Stone Arrow (dangerous; 2% risk of failure)
Confirm with . or Enter, or press ? or * to list all spells.
The stone arrow misses the gnoll.
The centaur unwields a +0 quarterstaff.
The centaur wields a +0 shortbow.
The centaur shoots an arrow.
The arrow hits you.
Casting: Stone Arrow (dangerous; 2% risk of failure)
Confirm with . or Enter, or press ? or * to list all spells.
The stone arrow hits the gnoll!
The gnoll is heavily wounded.
The gnoll shouts!
The centaur shoots an arrow.
The arrow hits you.
The gnoll hits you from afar with a +0 halberd!
* * * LOW HITPOINT WARNING * * *
Casting: Stone Arrow (dangerous; 2% risk of failure)
Confirm with . or Enter, or press ? or * to list all spells.
Aiming: Stone Arrow (dangerous; 2% risk of failure)
Press: ? - help, Shift-Dir - straight line, f/p - gnoll
Aim: a gnoll, wielding a +0 halberd (heavily wounded, 75% to hit)
The stone arrow hits the gnoll!!
You kill the gnoll!
* * * LOW HITPOINT WARNING * * *
The centaur shoots an arrow.
The arrow hits you!
* * * LOW HITPOINT WARNING * * *
The centaur shoots an arrow.
The arrow hits you!
* * * LOW HITPOINT WARNING * * *
The centaur shoots an arrow.
The arrow hits you.
You die...

#.. #.## #####... #..###
#......# ####....# ##......#
##.......# #.......#
#........# # ........#
#........# #
........####@.......# #
.........)..........# #
......c.####'####...# #
........#Z^#.#^h#...####### #
#.......##^#.#^##.....)...###
#...c..)#o^#.#^.#............
#..$....## #.# ##......######
#....c..# #^# #......#
##....#.# #+# #......#


You could see a centaur.

Vanquished Creatures
  Sigmund (D:2)
  Edmund (D:4)
  4 scorpions
  A bullfrog zombie (D:5)
  A jelly (D:4)
  2 hounds
  Crazy Yiuf (D:3)
  A centaur skeleton (D:5)
  Robin (D:4)
  7 adders
  3 gnolls (D:5)
  A river rat (D:4)
  A worm (D:2)
  A dart slug (D:2)
  An orc (D:3)
  3 ball pythons
  2 bats
  4 endoplasms
  A giant cockroach (D:4)
  15 goblins
  8 hobgoblins
  2 jackals (D:2)
  2 quokkas (D:4)
  3 frilled lizards (D:3)
  7 kobolds
  5 rats
79 creatures vanquished.

Notes
Turn   | Place    | Note
-------+----------+-------------------------------------------
     0 | D:1      | lunkers the Djinni Earth Elementalist began the quest for
                  | the Orb.
     0 | D:1      | Reached XP level 1. HP: 15/15 MP: 0/0
   229 | D:1      | Reached XP level 2. HP: 19/22 MP: 0/0
   652 | D:1      | Reached skill level 1 in Fighting
   864 | D:2      | Reached skill level 3 in Spellcasting
   864 | D:2      | Reached XP level 3. HP: 24/27 MP: 0/0
   864 | D:2      | Learned a level 1 spell: Beastly Appendage
  1653 | D:2      | Noticed Sigmund
  1665 | D:2      | Killed Sigmund
  1666 | D:2      | Reached skill level 4 in Spellcasting
  1666 | D:2      | Reached XP level 4. HP: 22/34 MP: 0/0
  1666 | D:2      | Reached XP level 5. HP: 26/40 MP: 0/0
  1666 | D:2      | Learned a level 2 spell: Ensorcelled Hibernation
  1666 | D:2      | Reached XP level 6. HP: 29/45 MP: 0/0
  2430 | D:3      | Found a hazy altar of Hepliaklqana.
  2791 | D:3      | Found a faded altar of an unknown god.
  2929 | D:3      | Found a runed translucent door.
  2930 | D:3      | Noticed Crazy Yiuf
  3025 | D:3      | Killed Crazy Yiuf
  3699 | D:4      | Noticed Edmund
  3705 | D:4      | Killed Edmund
  3706 | D:4      | Reached skill level 5 in Spellcasting
  3706 | D:4      | Reached XP level 7. HP: 24/51 MP: 0/0
  3706 | D:4      | Learned a level 3 spell: Summon Guardian Golem
  4061 | D:4      | Noticed Robin
  4107 | D:4      | Killed Robin
  5055 | D:5      | Entered Level 5 of the Dungeon
  5102 | D:5      | Found a sacrificial altar of Ru.
  5118 | D:5      | Found a bloodstained altar of Trog.
  5122 | D:5      | Found a shadowy altar of Dithmenos.
  5210 | D:5      | Reached XP level 8. HP: 43/58 MP: 0/0
  5642 | D:5      | Reached skill level 6 in Spellcasting
  5651 | D:5      | Shot with an arrow by a centaur

Illustrated notes

Levels and vault maps discovered:
D:1:      minmay_arrival_widening_spiral_wide, layout_basic
D:2:      layout_basic, hangedman_decor_push, uniq_sigmund
D:3:      layout_rooms, overflow_temple_1_default,
          hellmonk_ecumenical_altar_inner_sanctum, kennysheep_generic_room_8,
          uniq_crazy_yiuf_cottage
D:4:      mumra_celtic_spiral_tile, layout_basic, nicolae_vehumet_altar_sigil,
          gup_sewer_entry_bubbles, amcnicky_mini_corridor_feature, uniq_edmund,
          uniq_robin
D:5:      minmay_opposing_rooms, layout_cave_pods, lightli_temple_of_fire,
          nicolae_overflow_hidden_temple, roderic_lattice_a, grunt_tough_drop

Skill      XL: |  1  2  3  4  5  6  7  8 |
---------------+-------------------------+-----
Fighting       | 1 2 3 4 |  4.8
Spellcasting   | 3 4 5 6 |  6.0
Dodging        | |  2.1
Stealth        | |  1.5

Action                   |  1- 3 |  4- 6 |  7- 9 || total
-------------------------+-------+-------+-------++-------
Melee: Unarmed           |     9 |       |       ||     9
 Cast: Sandblast         |    30 |       |       ||    30
       Stone Arrow       |    11 |    32 |    50 ||    93
       Passwall          |       |       |     1 ||     1
Armor: Robe              |     8 |     2 |     3 ||    13
Dodge: Dodged            |    17 |     1 |     6 ||    24

Table legend: (Time is in decaauts)
 A = Elapsed time spent in this place.
 B = Non-inter-level travel time spent in this place.
 C = Inter-level travel time spent in this place.
 D = Time resting spent in this place.
 E = Time spent auto-exploring this place.
 F = Levels seen in this place.
 G = Mean time per level.
                   A        B        C        D        E       F      G
               +--------+--------+--------+--------+--------+-----+--------+
         Total |   5649 |   5500 |    149 |      0 |   5072 |   5 | 1129.8 |
       Dungeon |   5649 |   5500 |    149 |      0 |   5072 |   5 | 1129.8 |
               +--------+--------+--------+--------+--------+-----+--------+

Top non-repeatable levels by time:
     D:4: 1928 daAuts
     D:2: 1496 daAuts
     D:1: 815 daAuts
     D:3: 813 daAuts
     D:5: 595 daAuts
